MWL (24 & UNDER)
BARRY'S BAY ORIOLES @ COLUMBIA 08S
08/09/2024
 
TOP OF THE 1ST
Barry's Bay Orioles batting - Pitching for Columbia 08s : LHP Félix García
Pitching: LHP Félix García
Batting: LHB Javier Orozco 0-0: Ball
1-0: Called Strike
1-1: SINGLE (Line Drive, 4D)
Batting: RHB Jeremy Flemming 0-0: SINGLE (Flyball, 8LS)
Javier Orozco to second
Batting: RHB Dave Craig 0-0: Foul Ball, location: 2F
0-1: Called Strike
0-2: Ball
1-2: Ball
2-2: Ball
3-2: DOUBLE (Line Drive, 78D)
Javier Orozco scores
Jeremy Flemming to third
Jeremy Flemming scores
Batting: LHB William Wolf 0-0: Fly out, F5 (Popup, 5F)
Batting: RHB Tom Hughes 0-0: Ball
1-0: Swinging Strike
1-1: Foul Ball, location: 2F
1-2: Strikes out swinging
Batting: RHB Tommy Wilson 0-0: Foul Ball, location: 2F
0-1: SINGLE (Line Drive, 89S)
Dave Craig to third
Batting: LHB Dave Gordon 0-0: Called Strike
0-1: Ball
1-1: Ball
2-1: Foul Ball, location: 2F
2-2: Strikes out looking
Top of the 1st over - 2 run(s), 4 hit(s), 0 error(s), 2 left on base; Barry's Bay 2 - Columbia 0
BOTTOM OF THE 1ST
Columbia 08s batting - Pitching for Barry's Bay Orioles : RHP Wilson Molina
Pitching: RHP Wilson Molina
Batting: RHB Jeffrey Hicks 0-0: Called Strike
0-1: Fly out, F3 (Popup, 13S)
Batting: RHB Irving Galloway 0-0: Foul Ball, location: 2F
0-1: Fly out, F9 (Line Drive, 9M)
Batting: RHB Ricardo Salazar 0-0: Ball
1-0: Ground out 1-3 (Groundball, 13S)
Bottom of the 1st over - 0 run(s), 0 hit(s), 0 error(s), 0 left on base; Barry's Bay 2 - Columbia 0
TOP OF THE 2ND
Barry's Bay Orioles batting - Pitching for Columbia 08s : LHP Félix García
Batting: RHB Curt Wagner 0-0: Foul Ball, location: 2F
0-1: Ball
1-1: Swinging Strike
1-2: Strikes out swinging
Batting: LHB John White 0-0: Called Strike
0-1: Ball
1-1: Foul Ball, location: 2F
1-2: Strikes out swinging
Batting: LHB Javier Orozco 0-0: Called Strike
0-1: Ball
1-1: Ball
2-1: Foul Ball, location: 2F
2-2: Fly out, F5 (Popup, 5SF)
Top of the 2nd over - 0 run(s), 0 hit(s), 0 error(s), 0 left on base; Barry's Bay 2 - Columbia 0
BOTTOM OF THE 2ND
Columbia 08s batting - Pitching for Barry's Bay Orioles : RHP Wilson Molina
Batting: LHB Robert Moore 0-0: Called Strike
0-1: Fly out, F8 (Flyball, 8RD)
Batting: RHB Chris Jones 0-0: Foul Ball, location: 2F
0-1: Swinging Strike
0-2: Ball
1-2: Ball
2-2: Foul Ball, location: 2F
2-2: Strikes out swinging
Batting: RHB Pat Fernández 0-0: Ground out 6-3 (Groundball, 6)
Bottom of the 2nd over - 0 run(s), 0 hit(s), 0 error(s), 0 left on base; Barry's Bay 2 - Columbia 0
TOP OF THE 3RD
Barry's Bay Orioles batting - Pitching for Columbia 08s : LHP Félix García
Batting: RHB Jeremy Flemming 0-0: Foul Ball, location: 2F
0-1: Ball
1-1: Ball
2-1: Ball
3-1: Foul Ball, location: 2F
3-2: Strikes out swinging
Batting: RHB Dave Craig 0-0: Swinging Strike
0-1: Swinging Strike
0-2: Ball
1-2: Ball
2-2: Strikes out swinging
Batting: LHB William Wolf 0-0: Ground out 6-3 (Groundball, 6M)
Top of the 3rd over - 0 run(s), 0 hit(s), 0 error(s), 0 left on base; Barry's Bay 2 - Columbia 0
BOTTOM OF THE 3RD
Columbia 08s batting - Pitching for Barry's Bay Orioles : RHP Wilson Molina
Batting: SHB William Hamilton 0-0: Called Strike
0-1: Ball
1-1: Ball
2-1: Fly out, F7 (Flyball, 7M)
Batting: RHB Juan Trujillo 0-0: Called Strike
0-1: Called Strike
0-2: SINGLE (Line Drive, 34)
Batting: RHB Henry Fox 0-0: Ball
1-0: Called Strike
1-1: Called Strike
Juan Trujillo steals 2nd base
1-2: Ground out 4-3 (Groundball, 13)
Juan Trujillo to third
Batting: RHB Jeffrey Hicks 0-0: Swinging Strike
0-1: Ball
1-1: Swinging Strike
1-2: Foul Ball, location: 2F
1-2: Strikes out swinging
Bottom of the 3rd over - 0 run(s), 1 hit(s), 0 error(s), 1 left on base; Barry's Bay 2 - Columbia 0
TOP OF THE 4TH
Barry's Bay Orioles batting - Pitching for Columbia 08s : LHP Félix García
Batting: RHB Tom Hughes 0-0: Called Strike
0-1: Reached on error, E5 (Groundball, 56)
Batting: RHB Tommy Wilson 0-0: Ball
1-0: Ball
2-0: SINGLE (Line Drive, 4MD)
Tom Hughes to second
Runner from 2nd tries for 3rd, SAFE, throw made to third
Batting: LHB Dave Gordon 0-0: Called Strike
0-1: Swinging Strike
0-2: Ball
1-2: Ball
2-2: Fly out, F6 (Popup, 5L)
Batting: RHB Curt Wagner 0-0: DOUBLE (Groundball, 5L)
Tom Hughes scores
Tommy Wilson to third
Batting: LHB John White 0-0: Called Strike
0-1: Swinging Strike
0-2: Strikes out swinging
Batting: LHB Javier Orozco 0-0: Ball
1-0: Fly out, F6 (Popup, 56)
Top of the 4th over - 1 run(s), 2 hit(s), 1 error(s), 2 left on base; Barry's Bay 3 - Columbia 0
BOTTOM OF THE 4TH
Columbia 08s batting - Pitching for Barry's Bay Orioles : RHP Wilson Molina
Batting: RHB Irving Galloway 0-0: Called Strike
0-1: Ball
1-1: SINGLE (Flyball, 89S)
Batting: RHB Ricardo Salazar 0-0: Ball
1-0: Called Strike
1-1: Ball
2-1: Foul Ball, location: 2F
2-2: SINGLE (Groundball, 34D)
Irving Galloway to second
Runner from 2nd tries for 3rd, SAFE, throw made to third
Ricardo Salazar to second
Batting: LHB Robert Moore 0-0: Ball
1-0: Foul Ball, location: 2F
1-1: SINGLE (Line Drive, 6MD)
Irving Galloway scores
Ricardo Salazar to third
Runner from 3rd tries for Home, SAFE, no throw or cutoff
Batting: RHB Chris Jones 0-0: Ball
1-0: Fly out, F6 (Popup, 6D)
Batting: RHB Pat Fernández 0-0: Ball
1-0: SINGLE (Groundball, 5L)
Robert Moore to second
Batting: SHB William Hamilton 0-0: Called Strike
0-1: Fly out, F7 (Flyball, 7M)
Batting: RHB Juan Trujillo 0-0: Called Strike
0-1: Ball
1-1: Foul Ball, location: 2F
1-2: Strikes out looking
Bottom of the 4th over - 2 run(s), 4 hit(s), 0 error(s), 2 left on base; Barry's Bay 3 - Columbia 2
TOP OF THE 5TH
Barry's Bay Orioles batting - Pitching for Columbia 08s : LHP Félix García
Batting: RHB Jeremy Flemming 0-0: Called Strike
0-1: Swinging Strike
0-2: Strikes out looking
Batting: RHB Dave Craig 0-0: Ball
1-0: Ball
2-0: Ball
3-0: Base on Balls
Batting: LHB William Wolf 0-0: Foul Ball, location: 2F
0-1: Fielders Choice at 2nd, 1-6 (Groundball, 15S)
Batting: RHB Tom Hughes 0-0: Called Strike
0-1: Swinging Strike
0-2: Ball
1-2: Ground out 5-3 (Groundball, 56)
Top of the 5th over - 0 run(s), 0 hit(s), 0 error(s), 1 left on base; Barry's Bay 3 - Columbia 2
BOTTOM OF THE 5TH
Columbia 08s batting - Pitching for Barry's Bay Orioles : RHP Wilson Molina
Batting: RHB Henry Fox 0-0: Ball
1-0: Called Strike
1-1: Called Strike
1-2: Ball
2-2: Strikes out looking
Batting: RHB Jeffrey Hicks 0-0: Foul Ball, location: 2F
0-1: Bunt missed!
0-2: Ground out 5-3 (Groundball, 56)
Batting: RHB Irving Galloway 0-0: Called Strike
0-1: Fly out, F9 (Flyball, 9S)
Bottom of the 5th over - 0 run(s), 0 hit(s), 0 error(s), 0 left on base; Barry's Bay 3 - Columbia 2
TOP OF THE 6TH
Barry's Bay Orioles batting - Pitching for Columbia 08s : LHP Félix García
Batting: RHB Tommy Wilson 0-0: Called Strike
0-1: Swinging Strike
0-2: Strikes out swinging
Batting: LHB Dave Gordon 0-0: Called Strike
0-1: SINGLE (Line Drive, 6MD)
Batting: RHB Curt Wagner 0-0: Ball
1-0: Ground out 4-3 (Groundball, 4M)
Dave Gordon to second
Batting: LHB John White 0-0: Ground out 3-1 (Groundball, 34)
Top of the 6th over - 0 run(s), 1 hit(s), 0 error(s), 1 left on base; Barry's Bay 3 - Columbia 2
BOTTOM OF THE 6TH
Columbia 08s batting - Pitching for Barry's Bay Orioles : RHP Wilson Molina
Batting: RHB Ricardo Salazar 0-0: Called Strike
0-1: Foul Ball, location: 2F
0-2: Strikes out swinging
Batting: LHB Robert Moore 0-0: Ball
1-0: Swinging Strike
1-1: Called Strike
1-2: Strikes out looking
Batting: RHB Chris Jones 0-0: Swinging Strike
0-1: Called Strike
0-2: Strikes out swinging
Bottom of the 6th over - 0 run(s), 0 hit(s), 0 error(s), 0 left on base; Barry's Bay 3 - Columbia 2
TOP OF THE 7TH
Barry's Bay Orioles batting - Pitching for Columbia 08s : LHP Félix García
Batting: LHB Javier Orozco 0-0: Ball
1-0: Called Strike
1-1: Ball
2-1: Ball
3-1: Fly out, F8 (Flyball, 78D)
Pitching: RHP Bill Sampson
Batting: RHB Jeremy Flemming 0-0: Swinging Strike
0-1: Ground out 6-3 (Groundball, 6M)
Batting: RHB Dave Craig 0-0: Called Strike
0-1: Called Strike
0-2: Ball
1-2: Strikes out looking
Top of the 7th over - 0 run(s), 0 hit(s), 0 error(s), 0 left on base; Barry's Bay 3 - Columbia 2
BOTTOM OF THE 7TH
Columbia 08s batting - Pitching for Barry's Bay Orioles : RHP Wilson Molina
Batting: RHB Pat Fernández 0-0: Called Strike
0-1: Foul Ball, location: 2F
0-2: Ball
1-2: Ball
2-2: SINGLE (Line Drive, 4D)
Batting: SHB William Hamilton 0-0: Sac Bunt - play at first, batter OUT! 1-4
Pat Fernández to second
Pinch Hitting: LHB Ramiro Muñóz 0-0: Ball
1-0: Called Strike
1-1: SINGLE (Line Drive, 78M)
Pat Fernández to third
Runner from 3rd tries for Home, SAFE, throw made home
Batting: RHB Henry Fox 0-0: Called Strike
0-1: Ball
1-1: Foul Ball, location: 2F
1-2: Strikes out swinging
Pitching: RHP Alfredo López
Batting: RHB Jeffrey Hicks 0-0: Swinging Strike
0-1: Swinging Strike
0-2: Foul Ball, location: 2F
0-2: Strikes out swinging
Bottom of the 7th over - 1 run(s), 2 hit(s), 0 error(s), 1 left on base; Barry's Bay 3 - Columbia 3
TOP OF THE 8TH
Barry's Bay Orioles batting - Pitching for Columbia 08s : RHP Bill Sampson
Pitching: LHP Ed Stevens
Now in LF: José Orozco
Pinch Hitting: RHB Ron Glass 0-0: Ball
1-0: Ball
2-0: Ground out 6-3 (Groundball, 6)
Pitching: RHP Brad Sharpe
Pinch Hitting: RHB Shaun Puckett 0-0: Ball
1-0: Ball
2-0: Called Strike
2-1: Foul Ball, location: 2F
2-2: SINGLE (Line Drive, 34D)
Batting: RHB Tommy Wilson 0-0: Ball
1-0: Swinging Strike
1-1: Foul Ball, location: 2F
1-2: Strikes out swinging
Batting: LHB Dave Gordon 0-0: Ball
1-0: Called Strike
1-1: Fly out, F5 (Popup, 5SF)
Top of the 8th over - 0 run(s), 1 hit(s), 0 error(s), 1 left on base; Barry's Bay 3 - Columbia 3
BOTTOM OF THE 8TH
Columbia 08s batting - Pitching for Barry's Bay Orioles : RHP Alfredo López
Now at 2B: Shaun Puckett
Now in LF: Juan Méndez
Batting: RHB Irving Galloway 0-0: Foul Ball, location: 2F
0-1: Swinging Strike
0-2: Ball
1-2: SOLO HOME RUN (Flyball, 7LD), Distance : 364 ft
Batting: RHB Ricardo Salazar 0-0: Ground out 6-3 (Groundball, 6M)
Batting: LHB Robert Moore 0-0: Ball
1-0: Fly out, F7 (Flyball, 7M)
Batting: RHB Chris Jones 0-0: Ball
1-0: Foul Ball, location: 2F
1-1: Ball
2-1: Swinging Strike
2-2: Ball
3-2: Base on Balls
Batting: RHB Pat Fernández 0-0: Ball
1-0: Ball
2-0: Called Strike
2-1: Foul Ball, location: 2F
2-2: SINGLE (Groundball, 6MD)
Chris Jones to second
Batting: SHB William Hamilton 0-0: Ball
1-0: Called Strike
1-1: Swinging Strike
1-2: Ground out 4-3 (Groundball, 34)
Bottom of the 8th over - 1 run(s), 2 hit(s), 0 error(s), 2 left on base; Barry's Bay 3 - Columbia 4
TOP OF THE 9TH
Barry's Bay Orioles batting - Pitching for Columbia 08s : RHP Brad Sharpe
Pitching: RHP Sancho Mendoza
Pinch Hitting: LHB John Horton 0-0: Ground out 6-3 (Groundball, 6)
Pinch Hitting: RHB Brian Parks 0-0: Ball
1-0: Ball
2-0: Foul Ball, location: 2F
2-1: Ball
3-1: Base on Balls
Batting: LHB Javier Orozco 0-0: Ball
1-0: Ball
2-0: Ball
3-0: Called Strike
3-1: Base on Balls
Brian Parks to second
Batting: RHB Jeremy Flemming 0-0: Foul Ball, location: 2F
0-1: Ball
1-1: Ball
2-1: Ball
3-1: Foul Ball, location: 2F
3-2: Base on Balls
Brian Parks to third
Javier Orozco to second
Batting: RHB Dave Craig 0-0: Ball
1-0: Fly out, F3 (Popup, 3F)
Pinch Hitting: LHB Juan Romero 0-0: Ball
1-0: Called Strike
1-1: Swinging Strike
1-2: Ball
2-2: Strikes out swinging
Top of the 9th over - 0 run(s), 0 hit(s), 0 error(s), 3 left on base; Barry's Bay 3 - Columbia 4
This league is powered by Out of the Park Baseball, the baseball management simulation game for PC, Mac and Linux
Saturday, April 9th, 2016 - OOTP Baseball 16.8 Build 38